 Dungeon Crawl Stone Soup version 0.19-a0-1065-gdac414d (webtiles) character file.

42 Gruud the Sneak (level 3, -6/29 HPs)
             Began as a Demonspawn Assassin on Aug 3, 2016.
             Was an Initiate of Makhleb.
             Killed from afar by Natasha (7 damage)
             ... with a magic dart
             ... on level 2 of the Dungeon.
             The game lasted 00:03:26 (745 turns).

Gruud the Sneak (Demonspawn Assassin)                Turns: 745, Time: 00:03:27

Health: -6/29      AC:  7    Str: 12    XL:     3   Next: 35%
Magic:  3/3        EV: 11    Int: 12    God:    Makhleb [......]
Gold:   77         SH:  0    Dex: 14    Spells: 0 memorised, 2 levels left

rFire  + . .     SeeInvis .     a - +2 dagger
rCold  + . .     Gourm    .     h - +0 scale mail
rNeg   . . .     Faith    .     (no shield)
rPois  .         Spirit   .     (no helmet)
rElec  +         Dismiss  .     d - +0 cloak
rCorr  .         Reflect  .     (no gloves)
SustAt .         Harm     .     (no boots)
MR     .....                    (no amulet)
Stlth  +.........               (no ring)
                                (no ring)

@:
A: repulsion field 1, cold resistance 1, fire resistance 1, electricity
resistance, wild magic 1
a: Renounce Religion


You were on level 2 of the Dungeon.
You worshipped Makhleb.
Makhleb was noncommittal.
You were not hungry.

You visited 1 branch of the dungeon, and saw 3 of its levels.

You collected 77 gold pieces.

Inventory:

Hand Weapons
 a - a +2 dagger (weapon)
 b - a +0 blowgun
Missiles
 e - 8 poisoned needles
 f - 2 curare-tipped needles
 l - 2 tomahawks (quivered)
Armour
 c - a +0 robe
 d - a +0 cloak (worn)
 h - a +0 scale mail (worn)
Potions
 j - a potion of invisibility {unknown}
 m - a potion of heal wounds {unknown}
 n - a potion of mutation
 q - a potion of degeneration {unknown}
Comestibles
 g - 3 bread rations
 i - 2 chunks of flesh
 o - a meat ration


   Skills:
 * Level 3.2 Fighting
 - Level 1.7 Short Blades
 - Level 1.7 Throwing
 + Level 1.9 Dodging
 - Level 3.6 Stealth


You had 2 spell levels left.
You didn't know any spells.

Dungeon Overview and Level Annotations

Branches:
Dungeon (3/15)

Altars:
Kikubaaqudgha
Makhleb

Annotations:
D:2 Natasha


Innate Abilities, Weirdness & Mutations

You are surrounded by a mild repulsion field. (EV +2)
Your flesh is cold resistant. (rC+)
Your flesh is heat resistant. (rF+)
You are resistant to electric shocks. (rElec)
Your spells are a little harder to cast, but a little more powerful.


Message History

The magic dart hits you!
* * * LOW HITPOINT WARNING * * *
The white imp barely misses you.
You closely miss Natasha.
Natasha is almost dead.
Natasha mumbles some strange words.
The white imp hits you but does no damage.
You barely miss Natasha.
Natasha is almost dead.
Natasha claws you.
* * * LOW HITPOINT WARNING * * *
The white imp barely misses you.
You hit Natasha.
Natasha is almost dead.
Natasha closely misses you. The white imp barely misses you.
You barely miss Natasha.
Natasha is almost dead.
Natasha casts a spell at you. The magic dart hits you!
You die...

#### ...## #...### ......#
###### #...#.###
#######...## ........
##..$###..(### ....#.#
##...5###...### #.....#
##..#h5##.....##
......#####..##.@#...#...#
.⌠........#..###....###?..
......### #..###....###...
...#..# #.)####...###...
≈..#..# ....######### ###
≈≈.#..# ...# ≈.....# ..#
...#.## ## ...#.#


You could see Natasha, a white imp and a shadow imp.

Vanquished Creatures
  2 adders
  A giant gecko (D:1)
  A ball python (D:1)
  4 bats
  2 giant cockroaches
  A goblin (D:1)
  A hobgoblin (D:1)
  4 jackals (D:1)
  2 giant newts (D:2)
  A kobold (D:2)
  6 rats
25 creatures vanquished.

Notes
Turn   | Place    | Note
-------+----------+-------------------------------------------
     0 | D:1      | Gruud the Demonspawn Assassin began the quest for the Orb.
     0 | D:1      | Reached XP level 1. HP: 16/16 MP: 1/1
    20 | D:1      | Reached skill level 1 in Dodging
   102 | D:1      | Gained mutation: You are surrounded by a mild repulsion field. (EV +2) [demonic ancestry]
   102 | D:1      | Reached XP level 2. HP: 20/23 MP: 2/2
   452 | D:2      | Found a burning altar of Makhleb.
   465 | D:2      | Gained mutation: Your flesh is cold resistant. (rC+) [demonic ancestry]
   465 | D:2      | Reached XP level 3. HP: 21/29 MP: 3/3
   473 | D:2      | Became a worshipper of Makhleb the Destroyer
   604 | D:2      | Found an ancient bone altar of Kikubaaqudgha.
   726 | D:2      | Noticed Natasha
   728 | D:2      | Gained mutation: Your flesh is heat resistant. (rF+) [potion of mutation]
   728 | D:2      | Gained mutation: Your spells are a little harder to cast, but a little more powerful. [potion of mutation]
   728 | D:2      | Gained mutation: You are resistant to electric shocks. (rElec) [potion of mutation]
   743 | D:2      | HP: 1/29 [Natasha (5)]
   745 | D:2      | Killed from afar by Natasha

Vault maps used:
D:1:      evilmike_arrival_hilbert_curve, minmay_tetromino_i2
D:2:      kiku_gazebo_pond_becter, nicolae_overflow_crystal_walls,
          hangedman_glass_teeth, uniq_natasha

Skill      XL: |  1  2 |
---------------+-------+-----
Dodging        | 1 |  1.9
Fighting       | 3 |  3.2
Short Blades   | |  1.7
Throwing       | |  1.7
Stealth        | |  3.6

Action                   || total
-------------------------++-------
Melee: Dagger            ||   111
  Use: Scroll            ||     2
       Potion            ||     1
Armor: Scale mail        ||    46
       Robe              ||     3
Dodge: Dodged            ||    55
